 Dungeon Crawl Stone Soup version 0.21.1-1-g345015f (webtiles) character file.

84 HammerPanzer the Slasher (level 4, -10/60 HPs)
             Began as a Draconian Berserker on Apr 7, 2018.
             Was a Believer of Trog.
             Mangled by an orc warrior
             ... wielding a +0 scimitar
              (15 damage)
             ... on level 3 of the Dungeon.
             The game lasted 00:05:01 (2351 turns).

HammerPanzer the Slasher (Draconian Berserker)      Turns: 2351, Time: 00:05:02

Health: -10/60     AC:  5    Str: 25    XL:     4   Next: 23%
Magic:  4/4        EV:  9    Int:  7    God:    Trog [**....]
Gold:   167        SH:  8    Dex: 11    Spells: 3/3 levels left

rFire    . . .     SeeInvis .   a - +1 falchion
rCold    . . .     Gourm    .   h - +0 shield
rNeg     . . .     Faith    .   (armour unavailable)
rPois    .         Spirit   .   (helmet restricted)
rElec    .         Reflect  .   (no cloak)
rCorr    .         Harm     .   (no gloves)
MR       .....                  (no boots)
Stlth    ..........             l - amulet of rage
HPRegen  0.20/turn              (no ring)
MPRegen  0.09/turn              (no ring)

@: berserking, very quick
A: unfitting armour, cold-blooded, AC +5
a: Berserk, Trog's Hand, Burn Spellbooks, Renounce Religion, Evoke Berserk Rage


You were on level 3 of the Dungeon.
You worshipped Trog.
Trog was pleased with you.
You were very hungry.

You visited 1 branch of the dungeon, and saw 3 of its levels.

You collected 167 gold pieces.

Inventory:

Hand Weapons
 a - a +1 falchion (weapon)
Missiles
 m - 2 javelins (quivered)
Armour
 h - a +0 shield (worn)
Jewellery
 l - an amulet of rage (around neck)
Scrolls
 i - a scroll of remove curse
 k - 2 scrolls of teleportation
 p - a scroll of random uselessness {unknown}
 s - a scroll of amnesia {unknown}
 t - a scroll of immolation {unknown}
Potions
 c - a potion of brilliance {unknown}
 d - a potion of flight
 e - a potion of curing {unknown}
 g - 4 potions of haste
 j - a potion of mutation {unknown}
 n - 2 potions of agility
 o - a potion of heal wounds {unknown}
 q - a potion of resistance {unknown}
 r - a potion of degeneration {unknown}
Comestibles
 b - 10 rations


   Skills:
 + Level 4.2 Fighting
 * Level 4.5 Long Blades
 - Level 2.6 Dodging


You had 3 spell levels left.
You didn't know any spells.

Dungeon Overview and Level Annotations

Branches:
Dungeon (3/15)

Altars:
Ashenzari
Cheibriados
Qazlal
Xom
Yredelemnul
The Shining One


Innate Abilities, Weirdness & Mutations

Your plain brown scales are hard. (AC +5)
You cannot fit into any form of body armour.
You are cold-blooded and may be slowed by cold attacks.


Message History

The orc warrior hits you with a scimitar.
* * * LOW HITPOINT WARNING * * *
You closely miss the orc warrior.
The orc warrior is lightly wounded.
The orc hits you with a hand axe.
* * * LOW HITPOINT WARNING * * *
You block the orc warrior's attack.
You slash the orc warrior!
The orc warrior is heavily wounded.
The orc hits you with a hand axe.
* * * LOW HITPOINT WARNING * * *
You slash the orc warrior! You tail-slap the orc warrior.
The orc warrior is severely wounded.
The orc warrior hits you with a scimitar.
* * * LOW HITPOINT WARNING * * *
The orc barely misses you.
You closely miss the orc warrior.
The orc warrior is severely wounded.
The orc warrior hits you with a scimitar!
You die...

#.# #......
#.# #......
#.# #......
#.# ##.....
###'## #.....
#....# #.....
#....# #.....
#...o########
#.....
#...@)....[..
###'##
#...o#.......
#.#
#....#.......
#.#
#....#.......
#.##
#....#.......
#.#.
#....#.......
#.#.
#.)..#.......
#)#.
#############
#.#. #.


You could see an orc warrior and an orc.

Vanquished Creatures
  4 adders
  An ooze (D:2)
  A dart slug (D:2)
  A leopard gecko (D:1)
  3 orcs (D:3)
  A ball python (D:2)
  7 hobgoblins
  A quokka (D:3)
  5 bats
  3 frilled lizards
  2 goblins
  5 kobolds
  4 rats
38 creatures vanquished.

Notes
Turn   | Place    | Note
-------+----------+-------------------------------------------
     0 | D:1      | HammerPanzer the Draconian Berserker began the quest for the Orb.
     0 | D:1      | Reached XP level 1. HP: 19/19 MP: 1/1
   349 | D:1      | Found a blossoming altar of Fedhas.
   352 | D:1      | Found a shattered altar of Ashenzari.
   352 | D:1      | Found a stormy altar of Qazlal.
   354 | D:1      | Found a shimmering altar of Xom.
   354 | D:1      | Found a basalt altar of Yredelemnul.
   354 | D:1      | Found a glowing golden altar of the Shining One.
   617 | D:2      | Reached XP level 2. HP: 22/26 MP: 2/2
   708 | D:2      | Reached XP level 3. HP: 24/33 MP: 3/3
  1106 | D:2      | Found a snail-covered altar of Cheibriados.
  1455 | D:3      | Found a stormy altar of Qazlal.
  1457 | D:3      | Noticed an air elemental
  1457 | D:3      | Noticed a fire elemental
  1458 | D:3      | Noticed an earth elemental
  1458 | D:3      | Noticed a water elemental
  1958 | D:3      | Reached XP level 4. HP: 28/40 MP: 4/4
  2101 | D:3      | Reached ** piety under Trog
  2332 | D:3      | Noticed an orc warrior
  2351 | D:3      | Mangled by an orc warrior

Skill      XL: |  1  2  3 |
---------------+----------+-----
Long Blades    | 4 |  4.5
Fighting       | 4 |  4.2
Dodging        | |  2.6

Action                   |  1- 3 |  4- 6 || total
-------------------------+-------+-------++-------
Melee: Falchion          |   117 |    18 ||   135
       Tailslap          |     7 |     1 ||     8
Invok: Berserk           |     1 |     1 ||     2
  Use: Scroll            |     7 |       ||     7
  Eat: Chunk             |     4 |     1 ||     5
Armor: Skin              |    39 |     2 ||    41
Dodge: Dodged            |    54 |     7 ||    61
Block: Shield            |    49 |     7 ||    56
       Rpst.: Falchion   |    21 |     1 ||    22
